 Dungeon Crawl Stone Soup version 0.23-a0-395-gcf17ac6 (webtiles) character file.

57589 sleepydude the Blocker (level 14, -5/129 HPs)
             Began as a Minotaur Fighter on Nov 1, 2018.
             Was a High Priest of Okawaru.
             Slain by a redback (14 damage)
             ... on level 2 of the Lair of Beasts.
             The game lasted 00:57:06 (20898 turns).

sleepydude the Blocker (Minotaur Fighter)          Turns: 20898, Time: 00:57:07

Health: -5/129     AC:  0    Str: 29    XL:     14   Next: 46%
Magic:  12/14      EV: 21    Int:  5    God:    Okawaru [*****.]
Gold:   2208       SH:  0    Dex: 12    Spells: 13/13 levels left

rFire    . . .     SeeInvis .     - Unarmed
rCold    . . .     Gourm    .   (shield currently unavailable)
rNeg     . . .     Faith    .   (armour currently unavailable)
rPois    .         Spirit   .   (helmet currently unavailable)
rElec    .         Reflect  .   (cloak currently unavailable)
rCorr    .         Harm     .   (gloves currently unavailable)
MR       +....                  (boots currently unavailable)
Stlth    ++++......             (no amulet)
HPRegen  0.31/turn              (ring currently unavailable)
MPRegen  0.14/turn              (ring currently unavailable)

@: mighty, pig-form, heroism, very quick
A: small, (retaliatory headbutt)
a: Heroism, Finesse, Renounce Religion


You were on level 2 of the Lair of Beasts.
You worshipped Okawaru.
Okawaru was extremely pleased with you.
You were not hungry.
You were a filthy swine.
You visited 5 branches of the dungeon, and saw 21 of its levels.
You also visited: Sewer.

You collected 2208 gold pieces.

Inventory:

Hand Weapons
 b - the +8 mace "Nuinoan" {drain, Str+4}
   (You found it on level 4 of the Lair of Beasts)

   A truly terrible weapon, it drains the life of those it strikes.
   It affects your strength (+4).
 y - the +6 war axe "Okholuonix" (melded) {protect, rElec}
   (You found it on level 4 of the Lair of Beasts)

   It protects the one who uses it against injury (+AC on strike).
   It insulates you from electricity.
 I - the +6 broad axe "Vedduz" {chop, Dex+7}
   (Okawaru gifted it to you on level 5 of the Lair of Beasts)

   It inflicts extra damage upon your enemies.
   It affects your dexterity (+7).
 T - the +6 demon whip "Hulk" {drain, +Rage rF+ rC+ Dex-3}
   (Okawaru gifted it to you on level 6 of the Lair of Beasts)

   A truly terrible weapon, it drains the life of those it strikes.
   It affects your dexterity (-3).
   It protects you from fire.
   It protects you from cold.
   It lets you go berserk.
 X - the +9 dire flail "Beetlebane" {freeze, rPois Str+3}
   (Okawaru gifted it to you on level 2 of the Lair of Beasts)

   It has been specially enchanted to freeze those struck by it, causing extra
   injury to most foes and up to half again as much damage against particularly
   susceptible opponents.
   It can also slow down cold-blooded creatures.
   It affects your strength (+3).
   It protects you from poison.
Armour
 a - a +1 shield of cold resistance
 h - a scarf of repulsion (melded)
 l - a +0 pair of boots of stealth (melded)
 t - a +2 shield (melded)
 C - a +2 pair of gloves (melded)
 O - the +3 buckler of Lyov {rPois Str+2 Stlth+}
   (You found it on level 10 of the Dungeon)

   It affects your strength (+2).
   It protects you from poison.
   It makes you more stealthy.
 S - a +0 plate armour (melded)
Jewellery
 D - the ring of Moral Flaws (melded) {Fire *Drain +Blink rPois Int+8}
   (You found it on level 7 of the Dungeon)

   [ring of fire]

   It enhances your fire magic.
   It affects your intelligence (+8).
   It protects you from fire.
   It makes you vulnerable to cold.
   It protects you from poison.
   It lets you blink.
   It causes draining when unequipped.
 G - an uncursed ring of protection from cold
 K - an uncursed ring of protection from fire
 R - a +2 ring of slaying (melded)
 W - an uncursed ring of flight
Wands
 U - a wand of digging (4)
Scrolls
 c - 4 scrolls of amnesia {unknown}
 g - 5 scrolls of identify {@r1}
 i - 3 scrolls of blinking {unknown}
 j - 5 scrolls of enchant armour {unknown}
 k - 4 scrolls of immolation {unknown}
 n - 4 scrolls of teleportation {unknown}
 p - 6 scrolls of fear {unknown}
 u - 6 scrolls of remove curse {@r2}
 w - 3 scrolls of fog {unknown}
 x - 4 scrolls of random uselessness {unknown}
 z - a scroll of summoning {unknown}
 H - a scroll of enchant weapon {unknown}
 P - a scroll of silence {unknown}
 Q - a scroll of magic mapping {unknown}
 Y - a scroll of noise {unknown}
 Z - a scroll of brand weapon {unknown}
Potions
 d - 2 potions of might
 e - 3 potions of heal wounds {unknown}
 m - 2 potions of agility {unknown}
 o - 2 potions of degeneration {unknown}
 r - 4 potions of haste {unknown}
 s - 6 potions of curing {@q1}
 v - 4 potions of mutation {unknown}
 A - a potion of lignification {unknown}
 B - a potion of ambrosia {unknown}
 J - 4 potions of brilliance {unknown}
 N - a potion of cancellation {unknown}
Comestibles
 f - 27 rations


   Skills:
 + Level 13.1(18.1) Fighting
 + Level 13.7(20.1) Axes
 + Level 11.1(18.8) Maces & Flails
 + Level 14.0(19.0) Armour
 + Level 5.8(10.8) Dodging
 + Level 3.0(8.0) Stealth
 + Level 14.3(19.3) Shields
 + Level 2.2 Invocations


You had 13 spell levels left.
You didn't know any spells.
Your spell library contained the following spells:

 Spells                   Type           Power        Failure   Level  Hunger
 Corona                   Hex            #......      47%         1    ##.....
 Ensorcelled Hibernation  Hex/Ice        #.....       63%         2    ###....
 Shroud of Golubria       Chrm/Tloc      #.........   63%         2    ###....
 Throw Frost              Conj/Ice       #.....       63%         2    ###....
 Confuse                  Hex            #.......     85%         3    ####...
 Dazzling Spray           Conj/Hex       #.....       85%         3    ####...
 Gell's Gravitas          Tloc           #.........   85%         3    ####...
 Recall                   Summ/Tloc      N/A          85%         3    ####...
 Stone Arrow              Conj/Erth      #.....       85%         3    ####...
 Tukima's Dance           Hex            #.......     85%         3    ####...
 Summon Ice Beast         Ice/Summ       #.......     99%         4    #####..
 Freezing Cloud           Conj/Ice/Air   #.........   100%        6    #######
 Statue Form              Tmut/Erth      #........    100%        6    #######
 Shatter                  Erth           #.........   100%        9    #######


Dungeon Overview and Level Annotations

Branches:
Dungeon (11/15)            Temple (1/1) D:7            Lair (6/6) D:10
 Shoals (0/4) Lair:3       Spider (1/4) Lair:2        Slime (0/5) Lair:5
    Orc (2/2) D:11            Elf (0/3) Orc:2

Altars:
Ashenzari
Cheibriados
Dithmenos
Elyvilon
Fedhas
Gozag
Hepliaklqana
Kikubaaqudgha
Makhleb
Nemelex Xobeh
Okawaru
Qazlal
Ru
Sif Muna
Trog
Uskayaw
Vehumet
Wu Jian
Xom
Yredelemnul
Zin
The Shining One
Jiyva

Shops:
D:11 }   Orc:2 ([!((

Annotations:
Spider:1 Jorgrun, Kirke, Louise, Rupert


Innate Abilities, Weirdness & Mutations

((You reflexively headbutt those who attack you in melee.))
((You have a pair of horns on your head.))


Message History

You closely miss the redback. The redback barely misses you.
You bite the redback!
The redback is moderately wounded.
The redback misses you.
You bite the redback!
The redback is severely wounded.
The redback closely misses you.
You barely miss the redback.
The redback is severely wounded.
The redback misses you.
You closely miss the redback.
The redback is severely wounded.
The redback barely misses you. The redback bites you!!
* * * LOW HITPOINT WARNING * * *
You are lethally poisoned!
The redback poisons you!
You feel better. The redback misses you.
You gain the combat prowess of a mighty hero.
The redback closely misses you. The redback bites you!
You die...

......# #....##.P...... ......##
##...####.##... .....#.# #..##
####... P.P..### ##.## ##..
#.#.#### ##..### ##. ##.....##
#...#.#########. P#......#
#####.....##.#..#... ##.....##
#................... .......#
##..hs...............
#...##.######....................
##..P..........#..#.##...........
.#...................#...........
#....#..######...##.##..####.....
.....P...##.P#.#.##.##.## #.P#..
.................##.##.## #.##..
.................##.##..## #.##..
.................##..#.#.# #.....


You could see a redback.

Vanquished Creatures
  The ghost of Senri the Grappler, a journeyman DrTm of the Shining One (Lair:4)
  Erolcha (Orc:2)
  4 hydras
  A centaur warrior (Orc:2)
  Erica (D:8)
  5 death yaks (Lair:6)
  An orc high priest (Orc:2)
  Urug (Orc:2)
  The ghost of landosteak the Covered, a novice MiWn of the Shining One (D:7)
  Pikel (D:5)
  7 orc knights
  2 cyclopes (Orc:2)
  An ugly thing (D:11)
  2 manticores
  6 elephants (Lair:5)
  Psyche (D:8)
  A torpor snail (Lair:3)
  Maurice (D:11)
  5 black mambas
  4 rime drakes
  21 spiny frogs
  An efreet (D:11)
  A demonic crawler (Lair:2)
  10 komodo dragons
  3 trolls
  A polar bear (Lair:6)
  4 tyrant leeches (Lair:6)
  29 blink frogs
  6 hippogriffs
  A wraith (D:10)
  A redback (Spider:1)
  A wyvern (D:9)
  A spriggan (D:7)
  A vampire (D:10)
  19 yaks
  2 hungry ghosts (D:9)
  6 vampire mosquitoes (Lair:6)
  Menkaure (D:5)
  5 wargs
  5 porcupines
  7 water moccasins
  Duvessa (D:7)
  35 orc warriors
  Purgy (Sewer)
  4 sky beasts
  6 ice beasts
  2 phantoms
  10 wolves
  9 ogres
  9 crocodiles
  17 centaurs
  3 big kobolds
  23 bullfrogs
  Dowan (D:7)
  A water moccasin skeleton (D:8)
  8 killer bees
  6 scorpions
  5 wights (D:11)
  A howler monkey (D:9)
  An electric eel (Lair:6)
  10 crimson imps
  2 quasits
  5 hounds
  A jelly (D:8)
  14 orc priests
  A centaur skeleton (D:6)
  7 orc wizards
  A bullfrog skeleton (D:4)
  Jessica (D:3)
  2 iguanas
  6 worker ants
  A centaur simulacrum (D:7)
  A hound zombie (D:5)
  A hound skeleton (D:5)
  A worker ant zombie (D:6)
  8 adders
  5 shadow imps
  2 white imps (D:7)
  5 oozes
  2 adder zombies (D:6)
  7 worms
  2 adder simulacra (D:7)
  2 dart slugs
  4 leopard geckos
  102 orcs
  11 bats
  7 giant cockroaches
  20 hobgoblins
  8 jackals (D:7)
  5 quokkas
  3 ball pythons
  5 frilled lizards
  13 goblins
  21 kobolds
  A leopard gecko zombie (D:5)
  10 rats
  A butterfly (Lair:4)
  2 fungi
  A plant (Lair:5)
617 creatures vanquished.

Vanquished Creatures (others)
  An orc (D:5)
  A quokka (D:5)
  9 fungi
  46 plants
57 creatures vanquished.

Grand Total: 674 creatures vanquished

Notes
Turn   | Place    | Note
-------+----------+-------------------------------------------
     0 | D:1      | sleepydude the Minotaur Fighter began the quest for the
                  | Orb.
     0 | D:1      | Reached XP level 1. HP: 19/19 MP: 0/0
   172 | D:1      | Reached XP level 2. HP: 23/27 MP: 1/1
   470 | D:1      | Reached XP level 3. HP: 24/33 MP: 2/2
  1126 | D:2      | Reached XP level 4. HP: 40/40 MP: 3/3
  1510 | D:3      | Reached skill level 1 in Dodging
  1695 | D:3      | Found a sacrificial altar of Ru.
  1695 | D:3      | Noticed Jessica
  1702 | D:3      | Killed Jessica
  1702 | D:3      | Reached XP level 5. HP: 44/47 MP: 4/4
  1727 | D:3      | Reached skill level 5 in Armour
  2069 | D:3      | Noticed a dagger
  2069 | D:3      | Noticed a hand axe
  2071 | D:3      | Found a hide-covered altar of Uskayaw.
  2386 | D:4      | Found a shimmering altar of Xom.
  2584 | D:4      | Reached XP level 6. HP: 53/53 MP: 5/5
  3245 | D:4      | Found a shadowy altar of Dithmenos.
  3346 | D:5      | Entered Level 5 of the Dungeon
  3349 | D:5      | Found a glowing drain.
  3353 | D:5      | Reached skill level 5 in Maces & Flails
  3370 | D:5      | Noticed an ice beast
  3373 | Sewer    | Entered a sewer
  3394 | Sewer    | Reached skill level 5 in Shields
  3495 | Sewer    | Noticed Purgy
  3509 | Sewer    | Killed Purgy
  3509 | Sewer    | Reached skill level 5 in Fighting
  3509 | Sewer    | Reached XP level 7. HP: 38/61 MP: 6/6
  3778 | D:5      | Noticed Menkaure
  3783 | D:5      | Killed Menkaure
  3924 | D:5      | Reached skill level 1 in Stealth
  4239 | D:5      | Reached XP level 8. HP: 68/69 MP: 7/7
  4243 | D:5      | Noticed Pikel
  4258 | D:5      | Killed Pikel
  4496 | D:5      | Found a radiant altar of Vehumet.
  4708 | D:5      | Reached skill level 1 in Axes
  5178 | D:6      | Reached XP level 9. HP: 71/77 MP: 8/8
  5260 | D:6      | Found a hazy altar of Hepliaklqana.
  5260 | D:6      | Found a faded altar of an unknown god.
  5268 | D:6      | Found a glowing golden altar of the Shining One.
  5270 | D:6      | Found a faded altar of an unknown god.
  5271 | D:6      | Found an ornate altar of the Wu Jian Council.
  5498 | D:7      | Found an opulent altar of Gozag.
  5503 | D:7      | Found a runed gate.
  5503 | D:7      | Found a runed gate.
  5503 | D:7      | Found a runed gate.
  5566 | D:7      | Found a staircase to the Ecumenical Temple.
  5675 | Temple   | Entered the Ecumenical Temple
  5697 | Temple   | Became a worshipper of Warmaster Okawaru
  5964 | D:7      | Noticed landosteak's ghost (novice MiWn)
  5975 | D:7      | Reached skill level 5 in Axes
  6057 | D:7      | Noticed Duvessa
  6059 | D:7      | Noticed Dowan
  6068 | D:7      | Killed Duvessa
  6073 | D:7      | Killed Dowan
  6268 | D:7      | Found a snail-covered altar of Cheibriados.
  6466 | D:7      | Reached * piety under Okawaru
  6686 | D:7      | Killed landosteak's ghost
  6686 | D:7      | Reached XP level 10. HP: 56/86 MP: 9/9
  6822 | D:7      | Got the ring of Moral Flaws {Fire}
  6826 | D:7      | Identified the ring of Moral Flaws {Fire *Drain +Blink
                  | rPois Int+8} (You found it on level 7 of the Dungeon)
  7317 | D:8      | Noticed Psyche
  7318 | D:8      | Noticed Erica
  7327 | D:8      | Killed Erica
  7327 | D:8      | Reached ** piety under Okawaru
  7332 | D:8      | Killed Psyche
  7789 | D:9      | Found Yban's Armour Boutique.
  7853 | D:9      | Reached *** piety under Okawaru
  8318 | D:9      | Reached skill level 10 in Axes
  8629 | D:9      | Reached skill level 10 in Shields
  8778 | D:9      | Reached **** piety under Okawaru
  8790 | D:9      | Found a basalt altar of Yredelemnul.
  8860 | D:9      | Found a white marble altar of Elyvilon.
  8928 | D:9      | Noticed a cyclops
  8989 | D:10     | Entered Level 10 of the Dungeon
  8996 | D:10     | Reached XP level 11. HP: 74/94 MP: 10/10
  9113 | D:10     | Got a pitted buckler
  9124 | D:10     | Identified the +3 buckler of Lyov {rPois Str+2 Stlth+} (You
                  | found it on level 10 of the Dungeon)
  9207 | D:10     | Reached skill level 5 in Dodging
  9487 | D:10     | Found a staircase to the Lair.
  9966 | D:10     | Noticed an orc knight
  9979 | D:10     | Killed an orc knight
  9979 | D:10     | Reached ***** piety under Okawaru
 10141 | Lair:1   | Entered Level 1 of the Lair of Beasts
 11046 | Lair:2   | Found a hole to the Spider Nest.
 11070 | Lair:2   | Received a gift from Okawaru
 11073 | Lair:2   | Got a fine dire flail {god gift}
 11079 | Lair:2   | Identified the +9 dire flail "Beetlebane" {freeze, rPois
                  | Str+3} (Okawaru gifted it to you on level 2 of the Lair of
                  | Beasts)
 11259 | Lair:2   | Reached skill level 10 in Armour
 11685 | Lair:2   | Identified Sif Muna's Incunabulum of Earth
 12088 | Lair:3   | Reached XP level 12. HP: 89/105 MP: 11/11
 12176 | Lair:3   | Found a runed door.
 12178 | Lair:3   | Noticed a six-headed hydra
 12183 | Lair:3   | Killed a six-headed hydra
 12342 | Lair:3   | Received a gift from Okawaru
 12421 | Lair:3   | Found a staircase to the Shoals.
 12831 | Lair:3   | Noticed an eight-headed hydra
 12850 | Lair:3   | Killed an eight-headed hydra
 12850 | Lair:3   | Reached skill level 10 in Fighting
 12850 | Lair:3   | Reached skill level 10 in Maces & Flails
 13305 | Lair:3   | You fall through a shaft!
 13334 | Lair:4   | Got a brightly glowing war axe
 13393 | Lair:4   | Identified the +6 war axe "Okholuonix" {protect, rElec}
                  | (You found it on level 4 of the Lair of Beasts)
 13542 | Lair:4   | Reached skill level 1 in Invocations
 13652 | Lair:4   | Noticed a five-headed hydra
 13663 | Lair:4   | Killed a five-headed hydra
 13830 | Lair:4   | Found a runed door.
 13830 | Lair:4   | Noticed Senri's ghost (journeyman DrTm)
 13842 | Lair:4   | Killed Senri's ghost
 13850 | Lair:4   | Got a steaming mace
 13851 | Lair:4   | Identified the +8 mace "Nuinoan" {drain, Str+4} (You found
                  | it on level 4 of the Lair of Beasts)
 14610 | Lair:5   | Found a viscous altar of Jiyva.
 14611 | Lair:5   | Found a staircase to the Slime Pits.
 15088 | Lair:5   | Received a gift from Okawaru
 15096 | Lair:5   | Reached XP level 13. HP: 92/115 MP: 13/13
 15228 | Lair:5   | Got an ivory broad axe {god gift}
 15229 | Lair:5   | Identified the +6 broad axe "Vedduz" {chop, Dex+7} (Okawaru
                  | gifted it to you on level 5 of the Lair of Beasts)
 15375 | Lair:6   | Entered Level 6 of the Lair of Beasts
 15576 | Lair:6   | Reached ****** piety under Okawaru
 15991 | Lair:6   | Received a gift from Okawaru
 16554 | Lair:6   | Received a gift from Okawaru
 16565 | Lair:6   | Got a slimy demon whip {god gift}
 16566 | Lair:6   | Identified the +6 demon whip "Hulk" {drain, +Rage rF+ rC+
                  | Dex-3} (Okawaru gifted it to you on level 6 of the Lair of
                  | Beasts)
 16571 | Lair:6   | Identified the Incunabulum of Icy Displacement
 17717 | D:11     | Noticed Maurice
 17735 | D:11     | Killed Maurice
 18017 | D:11     | Received a gift from Okawaru
 18056 | D:11     | Reached XP level 14. HP: 118/127 MP: 14/14
 18185 | D:11     | Found Jihiat's Gadget Emporium.
 18507 | D:11     | Found a staircase to the Orcish Mines.
 18528 | Orc:1    | Entered Level 1 of the Orcish Mines
 18850 | Orc:2    | Entered Level 2 of the Orcish Mines
 18927 | Orc:2    | Noticed Erolcha
 18939 | Orc:2    | Killed Erolcha
 19644 | Orc:2    | Found Qihublef's Weapon Emporium.
 19645 | Orc:2    | Noticed Urug
 19875 | Orc:2    | Killed Urug
 20329 | Orc:2    | Found Eryi's Antique Armour Emporium.
 20329 | Orc:2    | Found Pelelad's Distillery.
 20331 | Orc:2    | Found Konecumu's Weapon Boutique.
 20333 | Orc:2    | Found Weetwuojai's Weapon Shoppe.
 20530 | Orc:2    | Found a staircase to the Elven Halls.
 20809 | Spider:1 | Entered Level 1 of the Spider Nest
 20809 | Spider:1 | Noticed Jorgrun
 20809 | Spider:1 | Noticed Louise
 20811 | Spider:1 | Noticed Kirke
 20821 | Spider:1 | Noticed Rupert
 20885 | Lair:2   | HP: 1/129 [redback (18)]
 20898 | Lair:2   | Slain by a redback

Vault maps used:
D:1:      minmay_arrival_stair_chambers, serial_bayou, serial_bayou_pond_e,
          serial_bayou_ford_a, serial_bayou_pond_e, serial_bayou_shore_b
D:2:      minmay_hexomino_f4
D:3:      dancing_weapons_uskayaw, nicolae_ru_great_annihilating_truth,
          uniq_jessica
D:4:      old_standard_altar, chequers_serial_rivers_large_a,
          grunt_ministairs_11, grunt_dithmenos_smoke_and_mirrors
D:5:      kennysheep_windowed_halls, kennysheep_little_box, first_ration,
          cheibrodos_sewer_entry_drain, hangedman_decor_clover_reticule,
          uniq_pikel, uniq_menkaure
D:6:      chequers_temple_overflow_minitemple
D:7:      nicolae_gozag_seed_capital, temple_statues, gammafunk_ghost_icy,
          nrook_campfire, the_bakery, cheibriados_altar_1, uniq_duvessa
D:8:      uniq_psyche, uniq_erica
D:9:      kennysheep_ying_yang, serial_shops, nicolae_shop_waterfront
D:10:     cheibrodos_orc_bank, david_lair_shrubbed
D:11:     hiddenorc1_lemuel, serial_shops, shop, grunt_ministairs_7,
          uniq_maurice
Temple:   minmay_temple_bridge_abc
Lair:1:   minmay_stone_trees_small, st_stairs_5, lemuel_fruit_tree,
          grunt_megastairs_5, serial_bayou_shore_a
Lair:2:   nicolae_spider_entry_non_spiders
Lair:3:   minmay_shoals_entry_beasts, pf_torpor_hydra, grunt_megastairs_2
Lair:4:   gammafunk_ghost_grave, lemuel_fruit_fields, serial_bayou_shore_b
Lair:5:   dpeg_slime_entry_enclosed_altar, chequers_serial_rivers_marsh
Lair:6:   minmay_lair_end_frog_pond
Spider:1: uniq_roxanne, uniq_kirke, uniq_jorgrun, uniq_louise, uniq_rupert
Orc:1:    mines4_lemuel
Orc:2:    st_orc_rangers, portal_ice_cave_rime, serial_shops, shop,
          nicolae_orc_lava_room, uniq_urug, uniq_erolcha
Sewer:    kennysheep_door_sewer

Skill      XL: |  1  2  3  4  5  6  7  8  9 10 11 12 13 14 |
---------------+-------------------------------------------+-----
Armour         | 4 5 6 7 8 9 10 12 13 14 | 14.0
Fighting       | 4 5 6 7 8 9 10 12 13 | 13.1
Shields        | 4 5 6 7 8 10 11 13 14 | 14.3
Maces & Flails | 3 4 5 6 7 8 11 | 11.1
Dodging        | 1 2 3 4 5 |  5.8
Stealth        | 1 2 3 |  3.0
Axes           | 3 7 10 12 13 | 13.7
Invocations    | 1 2 |  2.2

Action                   |  1- 3 |  4- 6 |  7- 9 | 10-12 | 13-15 || total
-------------------------+-------+-------+-------+-------+-------++-------
Melee: Flail             |    82 |   209 |    59 |       |       ||   350
       Headbutt          |    15 |    29 |    42 |   118 |   156 ||   360
       Hand axe          |       |       |   216 |   297 |       ||   513
       War axe           |       |       |       |   189 |   670 ||   859
       Dire flail        |       |       |       |   129 |       ||   129
       Mace              |       |       |       |       |     5 ||     5
       Demon whip        |       |       |       |       |     5 ||     5
       Unarmed           |       |       |       |       |     6 ||     6
Invok: Heroism           |       |       |       |    11 |    17 ||    28
  Use: Potion            |       |       |     3 |       |     4 ||     7
       Scroll            |       |       |       |     3 |     6 ||     9
 Stab: Paralysed         |       |     2 |       |       |       ||     2
  Eat: Chunk             |     1 |     3 |     8 |    14 |     9 ||    35
       Ration            |       |     2 |       |     5 |     3 ||    10
Armor: Scale mail        |    39 |    90 |    66 |    50 |       ||   245
       Plate armour      |       |       |       |   146 |   179 ||   325
Dodge: Dodged            |    32 |    77 |    78 |   196 |   180 ||   563
       Deflected         |     1 |     3 |     3 |     1 |    26 ||    34
Block: Shield            |    52 |    92 |   178 |   235 |   484 ||  1041
       Buckler           |       |       |       |    24 |       ||    24

Table legend:
 A = Non-vault XP
 B = Vault XP
 C = Vault XP percentage of total XP
 D = Non-vault monster count
 E = Vault monster count
 F = Vault count percentage of total count
                 A         B        C        D         E       F
            +---------+---------+-------+---------+---------+-------
      Total |   49807 |   32463 |  39.5 |     420 |     193 |  31.5
            +---------+---------+-------+---------+---------+-------
        D:1 |      41 |       0 |   0.0 |      21 |       0 |   0.0
        D:2 |      81 |       6 |   6.9 |      30 |       3 |   9.1
        D:3 |      44 |      82 |  65.1 |      19 |       5 |  20.8
        D:4 |     223 |      40 |  15.2 |      20 |       2 |   9.1
        D:5 |     501 |    1319 |  72.5 |      15 |      16 |  51.6
        D:6 |     303 |       0 |   0.0 |      13 |       0 |   0.0
        D:7 |    1446 |    1543 |  51.6 |      39 |      12 |  23.5
        D:8 |     534 |    1382 |  72.1 |       7 |       2 |  22.2
        D:9 |    3143 |       0 |   0.0 |      31 |       0 |   0.0
       D:10 |    2781 |    1216 |  30.4 |      24 |      19 |  44.2
       D:11 |    2821 |     970 |  25.6 |      26 |      25 |  49.0
     Lair:1 |    1159 |     350 |  23.2 |       6 |       1 |  14.3
     Lair:2 |    3110 |     564 |  15.4 |      16 |       8 |  33.3
     Lair:3 |    6090 |    2614 |  30.0 |      21 |       6 |  22.2
     Lair:4 |    2449 |    1293 |  34.6 |       7 |       1 |  12.5
     Lair:5 |    6927 |     176 |   2.5 |      21 |       2 |   8.7
     Lair:6 |   10523 |   11435 |  52.1 |      29 |      43 |  59.7
   Spider:1 |     220 |       0 |   0.0 |       1 |       0 |   0.0
      Orc:1 |     867 |     400 |  31.6 |      17 |       1 |   5.6
      Orc:2 |    6544 |    8839 |  57.5 |      57 |      41 |  41.8
      Sewer |       0 |     234 | 100.0 |       0 |       6 | 100.0
            +---------+---------+-------+---------+---------+-------
